AoeStats
← iaa4e

Arena

508710322Analyzed
4v4 RM · 9d ago on Sep 23, 2026· 60m 15s· 8 players
Game mode
Random Map
Map size
Large (8 player)
Population
200
Speed
Normal
Resources
Standard
Victory
Conquest
Starting age
Dark Age
Ending age
Imperial Age
RankedLock teamsTeams togetherTeam positionsShared explorationLock speedFull tech treeHidden civsTurbo modeCheats
Victory
Defeat
1363
+11
🇦🇷 Goths · Argentina
1292
+14
🇪🇸 Slavs · Spain
1274
+15
🇲🇽 Saxons · Mexico
1262
+15
🇩🇪 Bohemians · Germany
1288
-16
🇩🇪 Varangians · Germany
1248
-14
🇮🇹 Huns · Italy
1224
-13
🇩🇪 Franks · Germany
1216
-12
BRosi
5:19 Loom
10:03 Feudal Age
13:58 Castle Age
14:25 Double-Bit Axe
17:38 Bow Saw
20:17 Horse Collar
23:12 Gold Mining
24:19 Wheelbarrow
24:43 Forging
25:29 Bloodlines
26:07 Husbandry
26:44 Iron Casting
27:40 Hand Cart
27:11 Town Watch
27:53 Scale Barding Armor
31:42 Imperial Age
30:58 Chain Barding Armor
30:48 Stone Mining
31:33 Scale Mail Armor
31:55 Squires
31:41 Arson
31:47 Elite Varangian Guard
32:44 Chain Mail Armor
32:35 Pikeman
34:03 Plate Mail Armor
34:30 Conscription
33:31 Gothikon
39:11 Halberdier
44:36 Blast Furnace
43:24 Gambesons
43:27 Treadmill Crane
44:46 Capped Ram
47:29 Two-Man Saw
48:09 Ballistics
50:43 Heavy Plow
55:16 Siege Ram
56:47 Coinage
ugurito
7:52 Loom
10:39 Feudal Age
14:03 Fletching
24:43 Horse Collar
27:10 Wheelbarrow
30:33 Castle Age
29:00 Double-Bit Axe
31:28 Bow Saw
31:22 Heavy Plow
39:43 Imperial Age
39:52 Chemistry
40:26 Bodkin Arrow
40:32 Padded Archer Armor
41:40 Conscription
43:22 Leather Archer Armor
44:50 Bracer
45:20 Pikeman
48:16 Elite Skirmisher
49:02 Guard Tower
49:33 Ballistics
52:17 Ring Archer Armor
51:49 Scale Mail Armor
54:33 Chain Mail Armor
56:48 Plate Mail Armor
56:29 Forging
59:17 Siege Engineers
59:48 Keep
bindella
10:34 Feudal Age
12:12 Loom
14:49 Castle Age
12:52 Horse Collar
13:04 Double-Bit Axe
14:36 Bloodlines
15:28 Scale Barding Armor
16:15 Bow Saw
19:29 Wheelbarrow
23:54 Forging
24:02 Husbandry
24:50 Gold Mining
25:09 Heavy Plow
27:11 Chain Barding Armor
28:31 Iron Casting
30:24 Hand Cart
29:54 Town Watch
31:24 Gold Shaft Mining
30:39 Stone Mining
33:51 Imperial Age
31:23 Fletching
32:00 Ballistics
32:02 Bodkin Arrow
32:20 Padded Archer Armor
32:48 Thumb Ring
34:39 Leather Archer Armor
34:58 Parthian Tactics
33:55 Heavy Cavalry Archer
34:36 Bracer
35:47 Chemistry
36:54 Murder Holes
37:09 Masonry
39:03 Town Patrol
41:08 Conscription
40:53 Marauders
42:04 Plate Barding Armor
42:30 Blast Furnace
41:26 Elite Tarkan
45:07 Light Cavalry
46:15 Hussar
51:10 Two-Man Saw
56:38 Squires
58:18 Pikeman
59:01 Scale Mail Armor
iaa4e
10:38 Feudal Age
11:58 Loom
14:50 Castle Age
12:56 Double-Bit Axe
16:23 Bow Saw
17:56 Husbandry
22:32 Wheelbarrow
25:47 Scale Barding Armor
27:56 Hand Cart
32:50 Imperial Age
30:06 Town Watch
30:46 Chain Barding Armor
31:26 Forging
32:04 Light Cavalry
32:47 Town Patrol
33:08 Cavalier
35:38 Chemistry
34:59 Ballistics
34:20 Treadmill Crane
36:31 Plate Barding Armor
36:32 Iron Casting
36:58 Gold Mining
36:59 Stone Mining
38:02 Scale Mail Armor
38:55 Heavy Scorpion
39:39 Heavy Scorpion
40:56 Paladin
43:53 Blast Furnace
43:10 Chain Mail Armor
42:45 Fletching
46:37 Padded Archer Armor
46:33 Bodkin Arrow
48:10 Leather Archer Armor
51:14 Plate Mail Armor
50:22 Elite Throwing Axeman
50:26 Ordonnance Companies
51:08 Chivalry
51:30 Conscription
52:36 Crossbowman
54:23 Man-at-Arms
54:49 Gambesons
59:15 Squires
59:12 Long Swordsman
60:08 Two-Handed Swordsman
| ArCas | Agi_alex
5:20 Loom
10:52 Feudal Age
15:32 Castle Age
15:03 Double-Bit Axe
16:30 Bow Saw
16:44 Horse Collar
17:34 Heavy Plow
20:33 Fortified Wall
23:12 Town Watch
24:05 Wheelbarrow
24:09 Scale Mail Armor
24:03 Fletching
24:07 Gold Mining
27:17 Gold Shaft Mining
26:39 Man-at-Arms
27:30 Scale Barding Armor
30:24 Imperial Age
28:49 Bloodlines
28:40 Husbandry
28:53 Forging
29:04 Chain Barding Armor
29:09 Stone Mining
30:15 Iron Casting
30:07 Hand Cart
31:02 Town Patrol
30:49 Cavalier
32:08 Plate Barding Armor
32:50 Detinets
32:22 Elite Boyar
34:22 Conscription
35:21 Blast Furnace
37:38 Two-Man Saw
37:12 Crop Rotation
37:40 Bodkin Arrow
39:18 Masonry
40:09 Chemistry
39:47 Ballistics
42:37 Elite Skirmisher
43:22 Padded Archer Armor
46:27 Leather Archer Armor
48:54 Light Cavalry
50:17 Ring Archer Armor
49:52 Caravan
50:35 Hussar
| ArCas | Cristiano Onagro
6:20 Loom
9:02 Feudal Age
9:44 Double-Bit Axe
11:57 Fletching
15:47 Town Watch
15:49 Horse Collar
23:50 Castle Age
22:52 Stone Mining
23:38 Gold Mining
25:40 Wheelbarrow
25:18 Bow Saw
26:38 Scale Mail Armor
28:18 Forging
31:30 Squires
31:15 Arson
32:08 Hand Cart
33:06 Chain Mail Armor
33:28 Iron Casting
34:26 Heavy Plow
37:24 Imperial Age
40:26 Two-Man Saw
40:24 Crop Rotation
40:44 Bloodlines
41:12 Crenellations
41:46 Conscription
42:27 Hoardings
42:09 Bloodlines
42:07 Scale Barding Armor
43:07 Blast Furnace
42:44 Cavalier
46:30 Chemistry
45:42 Masonry
45:44 Elite Skirmisher
46:47 Padded Archer Armor
46:42 Bodkin Arrow
47:10 Chain Barding Armor
48:38 Leather Archer Armor
48:46 Ballistics
51:04 Paladin
54:13 Plate Barding Armor
56:48 Ring Archer Armor
| ArCas | El BrancaS
10:21 Feudal Age
14:36 Castle Age
12:32 Double-Bit Axe
12:29 Horse Collar
16:05 Bow Saw
17:27 Loom
23:17 Wheelbarrow
24:11 Gold Mining
25:29 Town Watch
26:10 Heavy Plow
27:49 Hand Cart
27:31 Fletching
29:35 Bodkin Arrow
31:53 Ballistics
32:31 Scale Mail Armor
32:41 Forging
36:20 Imperial Age
34:08 Squires
33:51 Pikeman
35:21 Stone Mining
35:54 Chain Mail Armor
36:15 Iron Casting
35:47 Anarchy
36:30 Halberdier
38:55 Blast Furnace
38:30 Conscription
38:24 Elite Huskarl
41:08 Bracer
42:11 Chemistry
41:06 Murder Holes
43:04 Perfusion
48:20 Two-Man Saw
49:57 Masonry
51:52 Padded Archer Armor
53:39 Leather Archer Armor
55:43 Ring Archer Armor
MZTK | Puppet
6:32 Loom
9:08 Feudal Age
11:18 Man-at-Arms
21:14 Castle Age
21:42 Forging
21:33 Scale Mail Armor
21:23 Fletching
21:34 Padded Archer Armor
21:26 Double-Bit Axe
21:23 Horse Collar
23:09 Bow Saw
23:48 Gambesons
24:04 Squires
23:49 Arson
30:59 Imperial Age
29:35 Wheelbarrow
29:17 Clerical Recruitment
31:33 Chain Mail Armor
31:54 Iron Casting
32:19 Conscription
33:37 Heavy Plow
35:46 Chemistry
34:23 Elite Skirmisher
35:36 Plate Mail Armor
35:01 Bodkin Arrow
35:22 Leather Archer Armor
35:44 Shield Wall
36:50 Arson
38:09 Bracer
38:39 Ring Archer Armor
39:16 Hand Cart
41:22 Thumb Ring
40:55 Elite Varangian Guard
41:59 Cranequins
42:27 Heavy Mounted Crossbowman
43:30 Scale Barding Armor
45:21 Chain Barding Armor
Connection lost

Rejoining the realm…

Still unreachable

The connection could not be restored.

Session expired

The server has moved on; the page needs a fresh start.